AoeStats
← Rafelso

Arabian Desert

508730231Analyzed
1v1 RM · 10d ago on Sep 23, 2026· 34m 19s· 2 players
Game mode
Random Map
Map size
Tiny (2 player)
Population
200
Speed
Normal
Resources
Standard
Victory
Conquest
Starting age
Dark Age
Ending age
Imperial Age
RankedLock teamsTeams togetherTeam positionsShared explorationLock speedFull tech treeHidden civsTurbo modeCheats
Victory
Defeat
🇺🇸 Malians · United States
1688
+19
🇫🇷 Spanish · France
1753
-19
mxrider971
6:32 Loom
9:21 Feudal Age
9:53 Double-Bit Axe
9:50 Horse Collar
17:02 Fletching
23:59 Castle Age
22:36 Scale Barding Armor
23:23 Bloodlines
25:07 Chain Barding Armor
24:53 Husbandry
29:46 Light Cavalry
Rafelso
6:09 Loom
8:22 Feudal Age
9:06 Double-Bit Axe
21:47 Castle Age
23:01 Wheelbarrow
23:19 Bow Saw
23:14 Horse Collar
26:39 Husbandry
33:14 Pikeman
Connection lost

Rejoining the realm…

Still unreachable

The connection could not be restored.

Session expired

The server has moved on; the page needs a fresh start.